 Dungeon Crawl Stone Soup version 0.30-a0-1103-g25895a7845 (webtiles) character file.

Game seed: 10721227753422197087

3400 Jeffwins the Shooter (level 10, -5/73 HPs)
             Began as a Human Wanderer on Apr 18, 2023.
             Was a Follower of Vehumet.
             Slain by a hornet (10 damage)
             ... while paralysed by a hornet
             ... on level 8 of the Dungeon.
             The game lasted 00:12:34 (7555 turns).

Jeffwins the Shooter (Human Wanderer)               Turns: 7555, Time: 00:12:34

Health: -5/73      AC:  8    Str: 12    XL:     10   Next: 24%
Magic:  3/25       EV:  2    Int: 16    God:    Vehumet [*.....]
Gold:   526        SH:  0    Dex: 17    Spells: 8/17 levels left

rFire   + . .      SeeInvis .    a - +2 sling (drain)
rCold   x . .      Faith    .    (no shield)
rNeg    . . .      Spirit   .    p - +0 ring mail
rPois   .          Reflect  .    (no helmet)
rElec   .          Rampage  .    (no cloak)
rCorr   .                        u - +0 pair of gloves {Str+3}
Will    .....                    x - +1 pair of boots
Stlth   ++                       g - amulet of regeneration
HPRegen 1.12/turn                W - ring of magical power
MPRegen 0.19/turn                F - ring of fire

@: paralysed, lethally poisoned (-5 -> -6), very slightly contaminated, slowed
A: no striking features
a: Renounce Religion


You were on level 8 of the Dungeon.
You worshipped Vehumet.
Vehumet was aware of your devotion.
You visited 1 branch of the dungeon, and saw 8 of its levels.

You collected 526 gold pieces.


   Skills:
 + Level 4.5 Fighting
 * Level 5.6 Ranged Weapons
 + Level 3.8 Throwing
 - Level 1.0 Armour
 - Level 1.0 Dodging
 - Level 5.0 Stealth
 * Level 4.2 Spellcasting
 * Level 4.6 Conjurations
 * Level 3.3 Fire Magic
 * Level 3.5 Air Magic
 * Level 4.8 Earth Magic
 + Level 3.8 Evocations


You had 8 spell levels left.
You knew the following spells:

 Your Spells              Type           Power      Damage    Failure   Level
z - Stone Arrow           Conj/Erth      36%        3d9       16%         3
X - Plasma Beam           Fire/Air       10%        2x1d23    100%        6

Your spell library contained the following spells:

 Spells                   Type           Power      Damage    Failure   Level
 Magic Dart               Conj           72%        1d6       5%          1
 Sandblast                Erth           38%        2d10      4%          1
 Passwall                 Tmut/Erth      9%         N/A       21%         2
 Necrotise                Necr           12%        1d4       36%         1
 Vhi's Electric Charge    Tloc/Air       18%        N/A       47%         3
 Vampiric Draining        Necr           3%         2d6       75%         3
 Animate Armour           Summ/Erth      22%        N/A       80%         4
 Arcjolt                  Conj/Air       8%         1d18      88%         5
 Agony                    Necr           3%         N/A       100%        5
 Lehudib's Crystal Spear  Conj/Erth      9%         10d4      100%        8

Inventory:

Hand Weapons
 a - a +2 sling of draining (weapon)
 b - a +1 dagger
 h - a +0 dagger of venom
 v - the +1 whip of the Open Hand {protect, rPois Str-5 Int+2}
   (You found it on level 2 of the Dungeon)

   Str:       It affects your strength (-5).
   Int:       It affects your intelligence (+2).
   rPois:     It protects you from poison.
Missiles
 c - 2 datura-tipped darts
 d - an atropa-tipped dart
 z - 15 poisoned darts
Armour
 p - a +0 ring mail (worn)
 u - a +0 pair of gloves of strength (worn)
 x - a +1 pair of boots (worn)
 M - a +2 scale mail of fire resistance
Jewellery
 f - an amulet of the acrobat
 g - an amulet of regeneration (around neck)
 F - a ring of fire (right hand)
 S - a +6 ring of strength
 W - a ring of magical power (left hand)
Wands
 y - a wand of flame (2)
Scrolls
 j - a scroll of fog
 m - a scroll of amnesia {unknown}
 n - 3 scrolls of vulnerability {unknown}
 o - 5 scrolls of teleportation {unknown}
 r - 3 scrolls of poison {unknown}
 w - 2 scrolls of fear
 A - a scroll of enchant weapon {unknown}
 B - a scroll of immolation {unknown}
 C - a scroll of enchant armour {unknown}
 D - a scroll of blinking {unknown}
 I - a scroll of magic mapping {unknown}
 L - a scroll of torment {unknown}
Potions
 e - 3 potions of curing {@q1}
 i - a potion of heal wounds {unknown}
 k - 2 potions of cancellation {unknown}
 l - 3 potions of degeneration {unknown}
 q - 3 potions of lignification {unknown}
 s - a potion of flight {unknown}
 t - a potion of might {unknown}
 E - 2 potions of invisibility {unknown}
 G - a potion of attraction {unknown}
 H - 3 potions of haste {unknown}
 J - a potion of brilliance {unknown}
 K - 2 potions of magic {unknown}

Dungeon Overview and Level Annotations

Branches:
Dungeon (8/15)             Temple (0/1) D:7
   Lair: D:8-11

Altars:
Cheibriados
Dithmenos
Kikubaaqudgha
Makhleb
Nemelex Xobeh
Okawaru
Qazlal
Ru
Sif Muna
Vehumet
Wu Jian
Zin

Shops:
D:7

[ .........
.........
........#
........# #####
........# ......
........# ......
#......y.# ......
........@###......
..................
.........#........
.....#####........
#................
#.....<).........
#.......)........
#.......)........
#........).......


You could see a hornet (drained).


Message History

* * * LOW HITPOINT WARNING * * *
You feel as though you will be slow longer.
The hornet closely misses you.
Unknown command.
Casting: Stone Arrow (dangerous; 16% risk of failure)
Confirm with . or Enter, or press ? or * to list all spells.
Aiming: Stone Arrow (dangerous; 16% risk of failure)
Press: ? - help, Shift-Dir - straight line, f/p - hornet
Aim: a hornet (severely wounded, lightly drained, 52% to hit)
You miscast Stone Arrow.
Nothing appears to happen.
You feel very sick. The hornet stings you.
* * * LOW HITPOINT WARNING * * *
You are more poisoned.
You feel as though you will be slow longer.
The hornet stings you!
* * * LOW HITPOINT WARNING * * *
You feel as though you will be slow longer.
Unknown command.
You feel better. The hornet stings you.
* * * LOW HITPOINT WARNING * * *
You feel as though you will be slow longer.
The hornet stings you.
* * * LOW HITPOINT WARNING * * *
You are poisoned.
You suddenly lose the ability to move!
You feel sick.
The hornet stings you but does no damage.
The hornet stings you!
You die...

Skill      XL: |  1  2  3  4  5  6  7  8  9 10 |
---------------+-------------------------------+-----
Ranged Weapons | 2 3 4 5 |  5.6
Throwing       | 1 2 3 |  3.8
Fighting       | 3 4 |  4.5
Earth Magic    | 1 2 3 4 |  4.8
Stealth        | 4 5 |  5.0
Spellcasting   | 1 2 3 4 |  4.2
Conjurations   | 1 2 3 4 |  4.6
Evocations     | 3 |  3.8
Fire Magic     | 1 2 3 |  3.3
Air Magic      | 1 3 |  3.5
Armour         | |  1.0
Dodging        | |  1.0

Action                     |  1- 3 |  4- 6 |  7- 9 | 10-12 || total
---------------------------+-------+-------+-------+-------++-------
  Melee: Dagger            |       |       |     2 |       ||     2
   Fire: Sling             |   114 |   174 |   307 |    33 ||   628
  Throw: Dart              |       |       |    26 |       ||    26
   Cast: Stone Arrow       |       |       |    35 |    19 ||    54
  Evoke: Wand              |       |     3 |    10 |       ||    13
    Use: Scroll            |       |     2 |       |       ||     2
         Potion            |       |       |     2 |     1 ||     3
 Armour: Robe              |     5 |       |       |       ||     5
         Ring mail         |     6 |    53 |   119 |     8 ||   186
  Dodge: Dodged            |    40 |    81 |   150 |    11 ||   282

Levels and vault maps discovered:
D:1:      dpeg_arrival_tiny_a, layout_basic
D:2:      layout_basic, basic_altar, hex_tiny, minmay_puff
D:3:      kb_forest_paths, layout_basic, nicolae_ru_the_path_less_chosen,
          mainiacjoe_overflow_brackets
D:4:      layout_gridville, grunt_qazlal_sundering, kiku_gazebo_garden_becter
D:5:      layout_rooms, mainiacjoe_overflow_six_doors_small,
          mainiacjoe_overflow_paths, slow_altar_1, overflow_temple_1_default
D:6:      cheibrodos_steamvent, layout_basic,
          nicolae_wu_jian_immortal_techniques, mainiacjoe_overflow_boulevard
D:7:      layout_gridville, mainiacjoe_overflow_surrounded_room,
          makhleb_grotto_becter, nicolae_overflow_hidden_temple,
          minmay_temple_entry_junction_2, minmay_shop_chei,
          nicolae_zen_rock_garden
D:8:      minmay_diamond_stairs, layout_basic, kennysheep_donut,
          kennysheep_another_room, nicolae_lava_and_water

Notes
Turn   | Place    | Note
-------+----------+-------------------------------------------
     0 | D:1      | Jeffwins the Human Wanderer began the quest for the Orb.
     0 | D:1      | Jeffwins set off with the following items: a +1 dagger, an
                  | atropa-tipped dart, 2 datura-tipped darts, a +0 sling, a
                  | potion of curing {@q1}, a +0 robe.
     0 | D:1      | Reached XP level 1. HP: 16/16 MP: 1/1
   219 | D:1      | Reached XP level 2. HP: 22/22 MP: 2/2
   571 | D:1      | Reached XP level 3. HP: 18/27 MP: 3/3
  1091 | D:2      | Reached skill level 2 in Ranged Weapons
  1167 | D:2      | Reached skill level 1 in Throwing
  1430 | D:2      | Reached XP level 4. HP: 34/34 MP: 4/4
  1451 | D:2      | Identified the +1 whip of the Open Hand {protect, rPois
                  | Str-5 Int+2}
  1621 | D:2      | Found a sacrificial altar of Ru.
  2233 | D:3      | Reached XP level 5. HP: 39/39 MP: 5/5
  2343 | D:3      | Reached skill level 3 in Ranged Weapons
  2356 | D:3      | Learned a level 3 spell: Stone Arrow
  2592 | D:3      | Found a sacrificial altar of Ru.
  2660 | D:3      | Found a shimmering blue altar of Sif Muna.
  3251 | D:4      | Found a stormy altar of Qazlal.
  3254 | D:4      | Noticed an ogre
  3265 | D:4      | Killed an ogre
  3266 | D:4      | Reached skill level 3 in Fighting
  3266 | D:4      | Reached skill level 2 in Throwing
  3266 | D:4      | Reached skill level 1 in Earth Magic
  3266 | D:4      | Reached XP level 6. HP: 18/47 MP: 5/7
  3318 | D:4      | Reached skill level 4 in Stealth
  3318 | D:4      | Reached skill level 1 in Spellcasting
  3318 | D:4      | Reached skill level 1 in Conjurations
  3323 | D:4      | Reached XP level 7. HP: 46/52 MP: 8/8
  3366 | D:4      | Found an ancient bone altar of Kikubaaqudgha.
  3749 | D:5      | Entered Level 5 of the Dungeon
  3799 | D:5      | Found a snail-covered altar of Cheibriados.
  3837 | D:5      | Found a sparkling altar of Nemelex Xobeh.
  3863 | D:5      | Noticed a water moccasin
  3869 | D:5      | Killed a water moccasin
  3870 | D:5      | Reached skill level 2 in Conjurations
  3870 | D:5      | Reached skill level 2 in Earth Magic
  4018 | D:5      | Reached skill level 4 in Ranged Weapons
  4018 | D:5      | Reached skill level 2 in Spellcasting
  4084 | D:5      | Noticed a water moccasin
  4102 | D:5      | Killed a water moccasin
  4103 | D:5      | Reached XP level 8. HP: 21/58 MP: 2/11
  4277 | D:5      | Found a glowing silver altar of Zin.
  4295 | D:5      | Found a shadowy altar of Dithmenos.
  4653 | D:6      | Found a radiant altar of Vehumet.
  4673 | D:6      | Reached skill level 3 in Earth Magic
  4717 | D:6      | Became a worshipper of Vehumet
  4732 | D:6      | Learned a level 6 spell: Plasma Beam
  4786 | D:6      | Reached skill level 3 in Conjurations
  4786 | D:6      | Reached skill level 3 in Evocations
  4994 | D:6      | Reached skill level 1 in Fire Magic
  4994 | D:6      | Reached skill level 1 in Air Magic
  5020 | D:6      | Reached skill level 3 in Throwing
  5078 | D:6      | Reached skill level 3 in Spellcasting
  5078 | D:6      | Reached XP level 9. HP: 47/65 MP: 11/13
  5492 | D:6      | Reached skill level 4 in Fighting
  5877 | D:6      | Found an ornate altar of the Wu Jian Council.
  5986 | D:7      | Found a staircase to the Ecumenical Temple.
  5991 | D:7      | Noticed a two-headed ogre
  6014 | D:7      | Killed a two-headed ogre
  6015 | D:7      | Reached skill level 5 in Ranged Weapons
  6015 | D:7      | Reached skill level 5 in Stealth
  6015 | D:7      | Reached skill level 2 in Fire Magic
  6015 | D:7      | Reached skill level 2 in Air Magic
  6015 | D:7      | Reached skill level 4 in Earth Magic
  6116 | D:7      | Reached skill level 4 in Conjurations
  6291 | D:7      | Found an iron altar of Okawaru.
  6484 | D:7      | Found a burning altar of Makhleb.
  6637 | D:7      | Reached skill level 3 in Air Magic
  6637 | D:7      | Reached XP level 10. HP: 71/73 MP: 8/15
  6703 | D:7      | Identified the +0 pair of boots of the Yeti {Rampage}
  6901 | D:7      | Reached skill level 3 in Fire Magic
  6965 | D:7      | Reached skill level 4 in Spellcasting
  7126 | D:7      | Found Cheibriados's Comfort Zone.
  7126 | D:7      | Found a snail-covered altar of Cheibriados.
  7343 | D:7      | Reached * piety under Vehumet
  7343 | D:7      | Offered knowledge of Magic Dart by Vehumet.
  7550 | D:8      | Paralysed by a hornet for 1 turns
  7553 | D:8      | HP: 7/73 [hornet (8)]
  7554 | D:8      | Paralysed by a hornet for 3 turns
  7555 | D:8      | Slain by a hornet

Vanquished Creatures
  A two-headed ogre (D:7)
  5 steam dragons
  2 water moccasins (D:5)
  4 sky beasts
  A black bear (D:7)
  An orc warrior (D:6)
  3 ogres
  2 kobold brigands
  A phantom (D:5)
  A bullfrog (D:6)
  A gnoll sergeant (D:8)
  3 scorpions
  A crimson imp (D:7)
  A jelly (D:7)
  3 hounds
  2 orc priests (D:6)
  A gnoll bouda (D:4)
  3 orc wizards (D:6)
  7 gnolls
  12 adders
  2 white imps
  An ufetubus (D:6)
  3 worms
  2 dart slugs (D:4)
  15 orcs
  6 bats
  8 endoplasms
  3 giant cockroaches
  10 goblins
  3 hobgoblins
  7 jackals
  20 kobolds
  2 quokkas
  9 ball pythons
  3 frilled lizards
  5 rats
154 creatures vanquished.

Vanquished Creatures (others)
  A bullfrog (D:7)
  An adder (D:6)
  2 withered plants (D:4)
4 creatures vanquished.

Grand Total: 158 creatures vanquished

Table legend: (Time is in decaauts)
 A = Elapsed time spent in this place.
 B = Non-inter-level travel time spent in this place.
 C = Inter-level travel time spent in this place.
 D = Time resting spent in this place.
 E = Time spent auto-exploring this place.
 F = Levels seen in this place.
 G = Mean time per level.
                   A        B        C        D        E       F      G
               +--------+--------+--------+--------+--------+-----+--------+
         Total |   7746 |   7552 |    194 |    158 |   5828 |   8 |  968.2 |
       Dungeon |   7746 |   7552 |    194 |    158 |   5828 |   8 |  968.2 |
               +--------+--------+--------+--------+--------+-----+--------+

Top non-repeatable levels by time:
     D:6: 1838 daAuts
     D:7: 1345 daAuts
     D:3: 1161 daAuts
     D:1: 1087 daAuts
     D:2: 1008 daAuts
     D:4: 614 daAuts
     D:5: 580 daAuts
     D:8: 109 daAuts

Table legend:
 A = Non-vault XP
 B = Vault XP
 C = Vault XP percentage of total XP
 D = Non-vault monster count
 E = Vault monster count
 F = Vault count percentage of total count
                 A         B        C        D         E       F
            +---------+---------+-------+---------+---------+-------
      Total |    4396 |     462 |   9.5 |     139 |      15 |   9.7
            +---------+---------+-------+---------+---------+-------
        D:1 |      33 |       0 |   0.0 |      18 |       0 |   0.0
        D:2 |      49 |      30 |  38.0 |      20 |       5 |  20.0
        D:3 |     116 |      10 |   7.9 |      16 |       6 |  27.3
        D:4 |     404 |       0 |   0.0 |      29 |       0 |   0.0
        D:5 |     557 |       5 |   0.9 |       8 |       1 |  11.1
        D:6 |     816 |     369 |  31.1 |      26 |       2 |   7.1
        D:7 |    2280 |      48 |   2.1 |      17 |       1 |   5.6
        D:8 |     141 |       0 |   0.0 |       5 |       0 |   0.0
            +---------+---------+-------+---------+---------+-------
